AoeStats
← Blitzkrieg

Oasis

509433624Analyzed
2v2 RM · 4d ago on Sep 26, 2026· 34m 16s· 4 players
Game mode
Random Map
Map size
Medium (4 player)
Population
200
Speed
Normal
Resources
Standard
Victory
Conquest
Starting age
Dark Age
Ending age
Imperial Age
RankedLock teamsTeams togetherTeam positionsShared explorationLock speedFull tech treeHidden civsTurbo modeCheats
Victory
Defeat
🇩🇪 Mongols · Germany
1104
+14
🇩🇪 Slavs · Germany
1086
+15
🇩🇰 Mongols · Denmark
1127
-17
🇩🇰 Franks · Denmark
1008
-12
Alkaersig
4:35 Loom
10:19 Feudal Age
10:41 Loom
12:00 Double-Bit Axe
14:23 Castle Age
12:44 Horse Collar
14:37 Forging
19:21 Bloodlines
22:30 Husbandry
23:38 Scale Barding Armor
25:34 Bow Saw
29:19 Wheelbarrow
30:03 Gold Mining
32:13 Chain Barding Armor
Blitzkrieg
12:23 Feudal Age
19:50 Castle Age
29:45 Padded Archer Armor
29:35 Fletching
31:02 Double-Bit Axe
33:33 Leather Archer Armor
33:14 Bodkin Arrow
engix
10:07 Feudal Age
8:26 Loom
14:08 Castle Age
13:32 Double-Bit Axe
13:36 Horse Collar
20:53 Fletching
22:15 Wheelbarrow
23:26 Town Watch
24:01 Gold Mining
24:15 Bodkin Arrow
25:20 Padded Archer Armor
30:49 Imperial Age
29:43 Ballistics
29:36 Bloodlines
29:26 Husbandry
31:42 Leather Archer Armor
31:57 Bracer
34:05 Chemistry
Staylabro
7:57 Loom
9:51 Feudal Age
12:57 Town Watch
17:33 Castle Age
16:07 Horse Collar
16:13 Double-Bit Axe
18:02 Forging
17:54 Scale Mail Armor
18:13 Man-at-Arms
19:15 Squires
28:02 Stone Mining
29:09 Gold Mining
29:46 Heavy Plow
30:48 Gold Shaft Mining
30:28 Bow Saw
31:01 Wheelbarrow
32:18 Detinets
33:03 Bloodlines
32:54 Husbandry
36:47 Imperial Age
Connection lost

Rejoining the realm…

Still unreachable

The connection could not be restored.

Session expired

The server has moved on; the page needs a fresh start.